 Dungeon Crawl Stone Soup version 0.25.1-2-g60ff931df9 (webtiles) character file.

Game seed: 4051535908747263255

219 Froggeryz the Cudgeler (level 5, -6/32 HPs)
             Began as a Gargoyle Fighter on Sept 14, 2020.
             Killed from afar by an orc wizard (12 damage)
             ... with a puff of flame
             ... on level 3 of the Dungeon.
             The game lasted 00:02:36 (2340 turns).

Froggeryz the Cudgeler (Gargoyle Fighter)           Turns: 2340, Time: 00:02:37

Health: -6/32      AC: 10    Str: 20    XL:     5   Next: 96%
Magic:  5/5        EV:  7    Int:  9    God:
Gold:   157        SH:  9    Dex:  9    Spells: 4/4 levels left

rFire    . . .     SeeInvis .   a - +0 flail
rCold    . . .     Gourm    .   c - +0 kite shield
rNeg     + . .     Faith    .   b - +0 scale mail
rPois    ∞         Spirit   .   (no helmet)
rElec    +         Reflect  .   (no cloak)
rCorr    .         Harm     .   (no gloves)
MR       .....                  (no boots)
Stlth    ..........             (no amulet)
HPRegen  0.10/turn              (no ring)
MPRegen  0.09/turn              (no ring)

@: no status effects
A: negative energy resistance 1, electricity resistance, unbreathing,
petrification resistance, rot immunity, AC +4
a: no special abilities


You were on level 3 of the Dungeon.
You were not hungry.

You visited 1 branch of the dungeon, and saw 3 of its levels.

You collected 157 gold pieces.

Inventory:

Hand Weapons
 a - a +0 flail (weapon)
Missiles
 j - 27 poisoned darts (quivered)
Armour
 b - a +0 scale mail (worn)
 c - a +0 kite shield (worn)
Jewellery
 g - an uncursed amulet of guardian spirit {unknown}
Scrolls
 k - a scroll of identify {unknown}
Potions
 d - 2 potions of might
 e - 2 potions of invisibility {unknown}
 h - a potion of haste {unknown}
 i - a potion of heal wounds
 m - 2 potions of curing {unknown}
Comestibles
 f - 4 rations
 l - 7 chunks of flesh


   Skills:
 - Level 3.2 Fighting
 * Level 5.0 Maces & Flails
 - Level 3.2 Armour
 + Level 4.8 Shields


You had 4 spell levels left.
You didn't know any spells.
Your spell library was empty.

Dungeon Overview and Level Annotations

Branches:
Dungeon (3/15)

Altars:
Gozag


Innate Abilities, Weirdness & Mutations

You are resistant to torment.
Your stone body is resilient. (AC +4)
You are immune to poison.
You resist negative energy. (rN+)
You are resistant to electric shocks. (rElec)
You can survive without breathing.
You are immune to petrification.
You are immune to rotting.


Message History

The orc wizard miscasts a cantrip.
The giant cockroach bites you but does no damage.
The orc hits you but does no damage. The orc wizard casts a spell at you.
The magic dart hits you!
* * * LOW HITPOINT WARNING * * *
You closely miss the orc wizard.
The orc wizard is almost dead.
The orc wizard hits you but does no damage.
You block the giant cockroach's attack. The orc closely misses you.
The orc wizard completely misses you. You block the giant cockroach's attack.
The orc hits you but does no damage.
You closely miss the orc wizard.
The orc wizard is almost dead.
The orc wizard closely misses you.
The giant cockroach bites you but does no damage.
The orc hits you but does no damage. You block the orc wizard's attack.
The orc wizard casts a spell at you. The puff of flame hits you!
You die...

#.....##.#.#.####..#
#.###.........÷....#
#.#.#.....#.##....##
#...#.....#.##.##.#
#..÷#.....#..#.##.#
#...#.....##.#.##.#
..........##...##.####
#...#.##### #........#
#...#.# #..#@$.#.#
#.....# ## #)s.# #
#...### #oo...# #...#
...r#### #...# ##...#
#...# #.... ...##
##..# ##.# #.># ##.#
#...


You could see an orc wizard (fast), an orc, a giant cockroach and a rat.

Vanquished Creatures
  2 jellies (D:2)
  5 adders
  8 oozes (D:2)
  3 worms (D:2)
  A leopard gecko (D:1)
  3 orcs (D:3)
  2 giant cockroaches
  5 goblins
  2 hobgoblins (D:1)
  7 jackals (D:2)
  A quokka (D:2)
  3 ball pythons
  7 bats
  2 frilled lizards
  11 kobolds
  7 rats
69 creatures vanquished.

Vanquished Creatures (others)
  5 fungi (D:2)
  8 toadstools (D:2)
13 creatures vanquished.

Grand Total: 82 creatures vanquished

Notes
Turn   | Place    | Note
-------+----------+-------------------------------------------
     0 | D:1      | Froggeryz the Gargoyle Fighter began the quest for the Orb.
     0 | D:1      | Reached XP level 1. HP: 14/14 MP: 1/1
   283 | D:1      | Reached XP level 2. HP: 18/19 MP: 2/2
   815 | D:2      | Reached skill level 3 in Maces & Flails
   815 | D:2      | Reached XP level 3. HP: 10/23 MP: 3/3
  1068 | D:2      | Found an opulent altar of Gozag.
  1359 | D:2      | Reached XP level 4. HP: 28/28 MP: 4/4
  1570 | D:2      | Reached skill level 4 in Maces & Flails
  1593 | D:2      | Reached XP level 5. HP: 7/32 MP: 5/5
  2306 | D:3      | Reached skill level 5 in Maces & Flails
  2340 | D:3      | Killed from afar by an orc wizard

Illustrated notes

Levels and vault maps discovered:
D:1:      lightli_arrival_quake, layout_basic
D:2:      cheibrodos_fertilizer, layout_loops_ring, first_ration,
          nicolae_gozag_seed_capital
D:3:      layout_basic, portal_sewer_entry_d, minmay_misc_feat_rows,
          roderic_lattice_a, uniq_grinder

Skill      XL: |  1  2  3  4  5 |
---------------+----------------+-----
Maces & Flails | 3 4 5 |  5.0
Shields        | 4 |  4.8
Fighting       | |  3.2
Armour         | |  3.2

Action                   |  1- 3 |  4- 6 || total
-------------------------+-------+-------++-------
Melee: Flail             |   122 |   187 ||   309
Throw: Dart              |     5 |       ||     5
  Use: Scroll            |       |     3 ||     3
       Potion            |       |     1 ||     1
  Eat: Chunk             |     2 |     3 ||     5
Armor: Scale mail        |    74 |   191 ||   265
Dodge: Dodged            |    32 |   110 ||   142
Block: Kite shield       |    74 |   146 ||   220
